 Dungeon Crawl Stone Soup version 0.23-a0-301-g9da9e51 (webtiles) character file.

247676 Dissent the Bludgeoner (level 19, -5/152 HPs)
             Began as a Mummy Fighter on Oct 7, 2018.
             Was an Initiate of Gozag.
             Slain by a faun
             ... wielding a +0 spear
             ... led by a satyr
              (9 damage)
             ... on level 2 of the Shoals.
             The game lasted 01:41:12 (42653 turns).

Dissent the Bludgeoner (Mummy Fighter)             Turns: 42653, Time: 01:41:13

Health: -5/152     AC: 19    Str: 31    XL:     19   Next: 23%
Magic:  0/26       EV: 14    Int: 12    God:    Gozag
Gold:   7259       SH: 21    Dex: 16    Spells: 18/18 levels left

rFire    . . .     SeeInvis .   N - +2 eveningstar (freeze)
rCold    + + .     Gourm    .   c - +0 large shield
rNeg     + + +     Faith    .   z - +4 plate armour of Monotheism {rF+ rC+ Str+2 Dex+3}
rPois    ∞         Spirit   +   U - +0 helmet "Jyfoh" {MR+ Regen+}
rElec    .         Reflect  .   T - scarf {Spirit}
rCorr    .         Harm     .   B - +0 pair of gloves {archery}
MR       +++++                  J - -4 pair of boots "Widucoet" {MR++ Regen+ Stlth+}
Stlth    ..........             e - amulet of regeneration
HPRegen  1.55/turn              w - ring of Moodiness {+Inv rPois Str+5 Int+3 Stlth+}
MPRegen  0.20/turn              p - +4 ring of slaying

@: gold aura
A: no food or potions, fire vulnerability, cold resistance 1, negative energy
resistance 3, torment resistance, unbreathing, in touch with death 1
}: 1/15 runes: serpentine
a: Potion Petition, Call Merchant, Bribe Branch, Renounce Religion, Evoke
Invisibility


You were on level 2 of the Shoals.
You worshipped Gozag.
Gozag was greatly pleased with you.
You were not hungry.

You visited 6 branches of the dungeon, and saw 32 of its levels.
You also visited: Sewer.

You collected 14361 gold pieces.
You spent 2694 gold pieces at shops.
You paid 4408 gold pieces to Gozag.

Inventory:

Hand Weapons
 a - a +7 morningstar of protection
   (You bought it in a shop on level 14 of the Dungeon)
 N - a +2 eveningstar of freezing (weapon)
   (You found it on level 3 of the Elven Halls)
Missiles
 y - 5 throwing nets {!f}
 O - 31 javelins (quivered)
Armour
 c - a +0 large shield (worn)
   (You found it on level 12 of the Dungeon)
 z - the +4 plate armour of Monotheism (worn) {rF+ rC+ Str+2 Dex+3}
   (You bought it in a shop on level 8 of the Dungeon)

   It affects your strength (+2).
   It affects your dexterity (+3).
   It protects you from fire.
   It protects you from cold.
 B - a +0 pair of gloves of archery (worn)
   (You bought it in a shop on level 12 of the Dungeon)
 J - the -4 pair of boots "Widucoet" (worn) {MR++ Regen+ Stlth+}
   (You bought it in a shop on level 1 of the Elven Halls)

   It affects your resistance to hostile enchantments.
   It increases your rate of regeneration.
   It makes you more stealthy.
 S - a scarf of repulsion
   (You found it on level 4 of the Lair of Beasts)
 T - a scarf of spirit shield (worn)
   (You found it on level 1 of the Elven Halls)
 U - the +0 helmet "Jyfoh" (worn) {MR+ Regen+}
   (You bought it in a shop on level 12 of the Dungeon)

   It affects your resistance to hostile enchantments.
   It increases your rate of regeneration.
Jewellery
 e - an amulet of regeneration (around neck)
   (You found it on level 7 of the Dungeon)
 i - an uncursed ring of protection from fire
   (You found it on level 13 of the Dungeon)
 l - the ring of the Two Names {rCorr +Inv rN+}
   (You took it off a deep elf blademaster on level 3 of the Elven Halls)

   [ring of resist corrosion]

   It protects you from negative energy.
   It lets you turn invisible.
 p - a +4 ring of slaying (right hand)
   (You found it on level 2 of the Dungeon)
 w - the ring of Moodiness (left hand) {+Inv rPois Str+5 Int+3 Stlth+}
   (You found it on level 10 of the Dungeon)

   [ring of strength]

   It affects your strength (+5).
   It affects your intelligence (+3).
   It protects you from poison.
   It lets you turn invisible.
   It makes you more stealthy.
Wands
 d - a wand of iceblast (25)
   (You took it off Maurice on level 8 of the Dungeon)
 q - a wand of enslavement (28)
   (You found it on level 7 of the Dungeon)
 t - a wand of flame (14)
   (You found it on level 10 of the Dungeon)
 u - a wand of paralysis (14)
   (You found it on level 11 of the Dungeon)
 x - a wand of acid (4)
   (You found it on level 6 of the Lair of Beasts)
 G - a wand of polymorph (37)
   (You took it off Grinder on level 4 of the Dungeon)
 L - a wand of scattershot (21)
   (You found it on level 12 of the Dungeon)
 P - a wand of clouds (13)
   (You found it on level 2 of the Lair of Beasts)
Scrolls
 b - 9 scrolls of noise {!r}
 f - 2 scrolls of fog
 g - 16 scrolls of remove curse {@r2}
 h - 14 scrolls of teleportation {@r4}
 j - 14 scrolls of amnesia
 k - 4 scrolls of enchant armour
 m - 4 scrolls of fear
 n - a scroll of summoning
 r - a scroll of brand weapon
 A - 9 scrolls of blinking
 C - 6 scrolls of identify {@r1}
 F - 2 scrolls of torment
 H - 8 scrolls of magic mapping
 M - a scroll of vulnerability {!r}
 Q - 3 scrolls of immolation {!r}
Miscellaneous
 o - a lamp of fire
   (You found it on level 1 of the Elven Halls)
 s - a lightning rod (4/4) {!a}
   (You found it on level 3 of the Elven Halls)
 D - a crystal ball of energy
   (You found it on level 9 of the Dungeon)
 E - a phial of floods
   (You found it on level 10 of the Dungeon)
 K - 2 sacks of spiders
 V - a fan of gales
   (You found it on level 3 of the Elven Halls)
 W - a phantom mirror


   Skills:
 - Level 14.0 Fighting
 - Level 16.0 Maces & Flails
 - Level 11.0 Armour
 - Level 13.0 Dodging
 + Level 12.3 Shields
 - Level 10.0 Evocations


You had 18 spell levels left.
You didn't know any spells.
Your spell library contained the following spells:

 Spells                   Type           Power        Failure   Level  Hunger
 Flame Tongue             Conj/Fire      #....        100%        1    N/A
 Infusion                 Chrm           #...         100%        1    N/A
 Magic Dart               Conj           #...         100%        1    N/A
 Shock                    Conj/Air       #...         100%        1    N/A
 Sting                    Conj/Pois      #...         100%        1    N/A
 Poisonous Vapours        Pois/Air       #.....       100%        2    N/A
 Shroud of Golubria       Chrm/Tloc      #.........   100%        2    N/A
 Song of Slaying          Chrm           #.......     100%        2    N/A
 Swiftness                Chrm/Air       #.......     100%        2    N/A
 Throw Flame              Conj/Fire      #.....       100%        2    N/A
 Throw Frost              Conj/Ice       #.....       100%        2    N/A
 Conjure Flame            Conj/Fire      #.......     100%        3    N/A
 Inner Flame              Hex/Fire       #.......     100%        3    N/A
 Mephitic Cloud           Conj/Pois/Air  #.......     100%        3    N/A
 Portal Projectile        Hex/Tloc       #.....       100%        3    N/A
 Spectral Weapon          Hex/Chrm       #.......     100%        3    N/A
 Static Discharge         Conj/Air       #.......     100%        3    N/A
 Airstrike                Air            #.........   100%        4    N/A
 Force Lance              Conj/Tloc      #.......     100%        4    N/A
 Leda's Liquefaction      Hex/Erth       #.........   100%        4    N/A
 Sticky Flame             Conj/Fire      #.......     100%        4    N/A
 Summon Ice Beast         Ice/Summ       #.......     100%        4    N/A
 Alistair's Intoxication  Tmut/Pois      #.......     100%        5    N/A
 Fireball                 Conj/Fire      #.........   100%        5    N/A
 Irradiate                Conj/Tmut      #.........   100%        5    N/A
 Lightning Bolt           Conj/Air       #.........   100%        5    N/A
 Dispersal                Tloc           #.........   100%        6    N/A
 Freezing Cloud           Conj/Ice/Air   #.........   100%        6    N/A
 Ring of Flames           Chrm/Fire      #.........   100%        7    N/A
 Regeneration             Chrm/Necr      Unusable     N/A         3    N/A
 Ice Form                 Ice/Tmut       Unusable     N/A         4    N/A
 Blade Hands              Tmut           Unusable     N/A         5    N/A
 Hydra Form               Tmut           Unusable     N/A         6    N/A
 Statue Form              Tmut/Erth      Unusable     N/A         6    N/A
 Dragon Form              Tmut           Unusable     N/A         7    N/A

Dungeon Overview and Level Annotations

Branches:
Dungeon (15/15)            Temple (0/1) D:7            Lair (6/6) D:11
 Shoals (2/4) Lair:4        Snake (4/4) Lair:2        Slime (0/5) Lair:6
    Orc (2/2) D:9             Elf (3/3) Orc:2        Vaults (0/5) D:14
 Depths (0/5) D:15

Altars:
Gozag
Makhleb
Qazlal
Sif Muna
Trog
Vehumet
The Shining One
Beogh

Shops:
D:8 [:   D:12 [=*[   D:14 (   Orc:2 =([*!   Elf:1 :?:[[   Elf:3 %   Shoals:1 %
Snake:1 :   Snake:2 *   Snake:3 !

Annotations:
D:6 exclusion: statue
Lair:6 exclusion: ice statue


Innate Abilities, Weirdness & Mutations

You do not eat or drink.
Your flesh is vulnerable to fire.
You are immune to poison.
Your flesh is cold resistant. (rC+)
You are immune to negative energy. (rN+++)
You are immune to unholy pain and torment.
You can survive without breathing.
You are in touch with the powers of death.


Message History

You block the arrow. The faun closely misses you.
Unknown command.
You impale the merfolk!! You freeze the merfolk.
You kill the merfolk!
You block the faun's attack.
The faun hits you with an uncursed spear.
* * * LOW HITPOINT WARNING * * *
The faun hits you with an uncursed quarterstaff.
* * * LOW HITPOINT WARNING * * *
The satyr shoots an arrow.
The arrow hits you!
* * * LOW HITPOINT WARNING * * *
Unknown command.
Unknown command.
You closely miss the satyr. You block the faun's attack. x2
You closely miss the satyr. You block the faun's attack.
The satyr shoots an arrow.
You block the arrow.
The faun unwields an uncursed hunting sling of flaming.
It stops flaming.
The faun wields an uncursed spear.
You block the faun's attack. x2
You sock the satyr! You freeze the satyr.
The faun no longer looks unusually strong.
You block the faun's attack. x2
You puncture the satyr! You freeze the satyr.
The faun no longer looks unusually strong.
The faun hits you with an uncursed spear!!
* * * LOW HITPOINT WARNING * * *
The faun misses you.
The satyr shoots an arrow.
You block the arrow.
The faun hits you with an uncursed club!
* * * LOW HITPOINT WARNING * * *
You impale the satyr!! You freeze the satyr.
You kill the satyr!
The faun hits you but does no damage. You block the faun's attack. x2
Unknown command.
You puncture the faun! You freeze the faun.
The faun hits you with an uncursed club.
* * * LOW HITPOINT WARNING * * *
You block the faun's attack. The faun closely misses you.
The faun is distracted by the nearby gold.
You barely miss the faun.
The faun is no longer distracted by gold.
The faun hits you with an uncursed club!
* * * LOW HITPOINT WARNING * * *
The faun shouts!
You hit the faun. You freeze the faun.
The faun hits you with an uncursed quarterstaff!!
* * * LOW HITPOINT WARNING * * *
You block the faun's attack.
The faun hits you with an uncursed spear!
You die...
Your body crumbles into a pile of gold.

....≈...≈≈...c
###......≈≈≈..............
###.#.......≈≈........≈≈.....
.##............≈..≈≈....≈≈≈≈<≈..
....≈≈......(.....≈≈≈≈≈≈≈≈≈≈≈≈≈.
.....≈.....≈≈≈..≈..≈≈≈≈≈≈≈≈≈≈≈≈≈
≈....≈≈..$≈...#.....≈≈≈≈≈≈..≈≈≈≈≈
##.≈≈.($((((##$c..≈≈≈≈≈≈≈..≈≈≈≈
#.≈≈(.(≈(...c@(.≈)))≈≈≈...≈≈≈≈
#..≈..(..((.cc(..≈≈(.≈......≈≈
≈...............(...≈≈..(###....≈
≈≈...≈≈≈....(.....≈≈.....# #...≈≈
≈.###.≈≈≈.≈........≈.....###...≈≈
≈ ##.≈≈..≈≈......≈≈.....##...≈≈
..≈≈≈≈≈≈≈.......≈≈≈.....≈≈..≈
≈≈≈≈≈≈≈≈≈≈......≈≈≈≈...≈≈...≈
≈≈≈≈≈≈≈≈≈≈≈≈.≈≈≈≈≈≈≈≈≈≈≈...≈


You could see 4 fauns.

Vanquished Creatures
  Saint Roka (Snake:3)
  Vashnia (Snake:4)
  Nikola (Snake:4)
  2 deep elf master archers (Elf:3)
  2 deep elf blademasters (Elf:3)
  A kraken (Shoals:1)
  A tengu reaver (D:11)
  Kirke (Shoals:1)
  9 nagarajas
  2 deep elf sorcerers
  A frost giant (D:15)
  An orc warlord (Orc:1)
  4 deep elf elementalists (Elf:3)
  A stone giant (D:10)
  Nessos (Lair:4)
  6 deep elf demonologists
  A dire elephant (Lair:6)
  4 deep elf annihilators (Elf:3)
  Azrael (Elf:1)
  A merfolk javelineer (Shoals:1)
  A merfolk impaler (Shoals:1)
  2 deep elf death magi
  Josephine (Orc:2)
  3 deep elf high priests
  Harold (D:8)
  5 vault guards (D:14)
  Erolcha (D:12)
  13 naga warriors
  A catoblepas (D:12)
  5 hydras
  4 anacondas
  2 merfolk aquamancers (Shoals:1)
  A merfolk avatar (Shoals:2)
  5 centaur warriors
  2 ogre magi
  Erica (D:8)
  4 two-headed ogres (Orc:1)
  2 orc high priests
  A satyr (Shoals:2)
  2 tengu warriors
  17 naga sharpshooters
  3 shock serpents
  23 deep elf knights
  A salamander mystic (Snake:4)
  5 unseen horrors
  4 sea snakes
  5 skeletal warriors (D:15)
  2 naga ritualists
  Pikel (D:4)
  A wizard (D:14)
  8 harpies
  4 orc knights
  50 deep elf magi
  A lindwurm (Lair:6)
  13 deep elf archers
  4 mana vipers
  7 salamanders
  4 orc sorcerers
  An ugly thing (D:13)
  5 cyclopes
  An oklob plant (Lair:6)
  A cyclops (shapeshifter) (Elf:1)
  6 merfolk sirens
  9 fauns
  4 manticores
  Maurice (D:8)
  28 black mambas
  5 guardian serpents
  15 naga magi
  12 elephants
  A gargoyle (D:10)
  22 spiny frogs
  2 efreet
  2 komodo dragons
  2 yaktaurs (D:14)
  12 merfolk
  10 trolls
  A tengu conjurer (D:14)
  A hornet (D:9)
  A polar bear (Lair:2)
  5 tyrant leeches (Lair:6)
  Grinder (D:4)
  2 snapping turtles (Shoals:1)
  13 slime creatures
  A harpy skeleton (D:15)
  18 blink frogs
  11 hippogriffs
  Sigmund (D:4)
  A meliai zombie (D:11)
  3 air elementals
  A centaur simulacrum (D:15)
  7 water elementals
  8 redbacks (Elf:1)
  3 shadows
  28 yaks
  6 wraiths
  6 fire elementals (Elf:1)
  5 basilisks
  4 wyverns
  2 hogs (Shoals:1)
  2 fire bats (Lair:4)
  9 vampire mosquitoes
  5 hungry ghosts
  4 wargs (Orc:2)
  51 nagas
  9 water moccasins
  4 hell hounds (Elf:1)
  13 porcupines
  3 slaves (D:3)
  5 black bears
  45 orc warriors
  An eye of draining (D:11)
  2 sky beasts (D:8)
  8 ice beasts
  3 phantoms
  5 ogres
  An eye of draining (shapeshifter) (Elf:2)
  12 wolves
  13 centaurs
  2 big kobolds
  17 crocodiles
  Blork the orc (D:5)
  3 wyvern zombies
  7 earth elementals
  29 bullfrogs
  A wyvern skeleton (D:13)
  8 scorpions
  6 wights (D:10)
  3 jellies
  An electric eel (Lair:3)
  A lava snake (Lair:4)
  4 centaur zombies
  9 crimson imps
  A bullfrog zombie (D:8)
  2 quasits
  7 hounds
  4 centaur skeletons
  20 orc priests
  A bullfrog skeleton (D:9)
  22 orc wizards
  5 iguanas
  5 worker ants
  A howler monkey zombie (D:7)
  2 worker ant zombies
  A howler monkey skeleton (D:9)
  3 river rats
  20 adders
  4 gnolls (D:4)
  4 shadow imps
  3 white imps (Lair:6)
  2 oozes
  An adder zombie (D:10)
  9 worms
  A dart slug (D:2)
  5 leopard geckos
  110 orcs
  3 giant cockroaches
  3 goblins
  5 hobgoblins
  15 jackals
  7 quokkas
  5 ball pythons
  A ball python skeleton (D:4)
  8 bats
  15 frilled lizards
  A jackal zombie (D:5)
  7 kobolds
  10 rats
  A fungus (D:11)
  2 plants
  4 tentacles (Shoals:1)
1127 creatures vanquished.

Vanquished Creatures (others)
  An anaconda (Snake:4)
  A two-headed ogre (D:10)
  38 dancing weapons
  A faun (Shoals:2)
  A human (Shoals:1)
  2 nagas
  A slave (D:4)
  An orc wizard (D:8)
  3 fungi (Lair:6)
  34 plants
  4 tentacles (Shoals:1)
87 creatures vanquished.

Grand Total: 1214 creatures vanquished

Notes
Turn   | Place    | Note
-------+----------+-------------------------------------------
     0 | D:1      | Dissent the Mummy Fighter began the quest for the Orb.
     0 | D:1      | Reached XP level 1. HP: 18/18 MP: 1/1
   140 | D:1      | Reached skill level 2 in Maces & Flails
   212 | D:1      | Reached XP level 2. HP: 23/24 MP: 2/2
   686 | D:2      | Found a stormy altar of Qazlal.
  1217 | D:2      | Found a faded altar of an unknown god.
  1252 | D:2      | Reached XP level 3. HP: 29/29 MP: 3/3
  1302 | D:2      | Reached skill level 3 in Maces & Flails
  1683 | D:3      | Reached XP level 4. HP: 31/35 MP: 4/4
  1725 | D:3      | Reached skill level 4 in Maces & Flails
  1816 | D:3      | Reached XP level 5. HP: 19/41 MP: 5/5
  1832 | D:3      | Found a glowing drain.
  1840 | Sewer    | Entered a sewer
  2813 | D:3      | Reached skill level 5 in Maces & Flails
  2992 | D:4      | Noticed Pikel
  2992 | D:4      | Noticed a slave
  2992 | D:4      | Noticed a slave
  2992 | D:4      | Noticed a slave
  3003 | D:3      | Killed a slave
  3063 | D:3      | Killed a slave
  3106 | D:4      | Noticed a slave
  3106 | D:4      | Noticed Grinder
  3116 | D:3      | Killed a slave
  3158 | D:4      | Reached XP level 6. HP: 41/47 MP: 6/6
  3355 | D:4      | Noticed Sigmund
  3367 | D:4      | Killed Sigmund
  3367 | D:4      | Reached skill level 6 in Maces & Flails
  3367 | D:4      | Reached XP level 7. HP: 42/52 MP: 7/7
  3617 | D:5      | Entered Level 5 of the Dungeon
  4053 | D:5      | Reached skill level 7 in Maces & Flails
  4260 | D:5      | Noticed Blork the orc
  4290 | D:5      | Killed Blork the orc
  4583 | D:6      | Found an opulent altar of Gozag.
  4591 | D:6      | Became a worshipper of Gozag Ym Sagoz the Greedy
  4620 | D:6      | Found a radiant altar of Vehumet.
  4814 | D:6      | Reached skill level 8 in Maces & Flails
  4814 | D:6      | Reached XP level 8. HP: 38/58 MP: 8/8
  6235 | D:6      | Reached skill level 9 in Maces & Flails
  6543 | D:7      | Noticed a hippogriff
  6552 | D:7      | Killed a hippogriff
  6672 | D:7      | Reached skill level 10 in Maces & Flails
  6672 | D:7      | Reached XP level 9. HP: 63/63 MP: 9/9
  6844 | D:7      | Found a deep blue altar of Sif Muna.
  6936 | D:7      | Found a staircase to the Ecumenical Temple.
  7101 | D:7      | Found a glowing golden altar of the Shining One.
  7527 | D:8      | Noticed Maurice
  7614 | D:8      | Killed Maurice
  7614 | D:8      | Reached skill level 11 in Maces & Flails
  7800 | D:8      | Found Teituwaj's Book Boutique.
  7830 | D:8      | Got a dazzling scale mail
  8034 | D:8      | Identified the +2 scale mail of the Skies Above {Str+3}
                  | (You found it on level 8 of the Dungeon)
  8125 | D:8      | Noticed Erica
  8146 | D:8      | Killed Erica
  8210 | D:8      | Found a bloodstained altar of Trog.
  8643 | D:8      | Noticed Harold
  8678 | D:8      | Killed Harold
  8678 | D:8      | Reached skill level 12 in Maces & Flails
  8678 | D:8      | Reached XP level 10. HP: 57/70 MP: 10/10
  9313 | D:9      | Found a staircase to the Orcish Mines.
 10029 | D:4      | Reached skill level 13 in Maces & Flails
 10115 | D:4      | Killed Pikel
 10238 | D:4      | Found a burning altar of Makhleb.
 10671 | D:4      | Found a burning altar of Makhleb.
 11044 | D:4      | Killed Grinder
 11332 | D:4      | Found a burning altar of Makhleb.
 11608 | D:8      | Bought the +4 plate armour of Monotheism {rF+ rC+ Str+2
                  | Dex+3} for 819 gold pieces
 11687 | D:10     | Entered Level 10 of the Dungeon
 11692 | D:10     | Got a crude lapis lazuli ring
 11866 | D:10     | Identified the ring of Moodiness {+Inv rPois Str+5 Int+3
                  | Stlth+} (You found it on level 10 of the Dungeon)
 11975 | D:10     | Noticed an unseen horror
 11988 | D:10     | Killed an unseen horror
 12022 | D:10     | Noticed an unseen horror
 12033 | D:10     | Killed an unseen horror
 12065 | D:10     | Reached XP level 11. HP: 75/75 MP: 11/11
 12218 | D:10     | Reached skill level 14 in Maces & Flails
 12346 | D:10     | Noticed a seven-headed hydra
 12353 | D:10     | Killed a seven-headed hydra
 12353 | D:10     | Reached skill level 1 in Evocations
 12820 | D:10     | Noticed an ogre mage
 12820 | D:10     | Noticed a centaur warrior
 13086 | D:9      | Killed a centaur warrior
 13116 | D:10     | Killed an ogre mage
 13132 | D:10     | Noticed a two-headed ogre
 13140 | D:10     | Killed a two-headed ogre
 14003 | D:11     | Reached skill level 5 in Fighting
 14087 | D:11     | Reached skill level 5 in Evocations
 14422 | D:11     | Found a staircase to the Lair.
 14545 | D:11     | Reached XP level 12. HP: 68/86 MP: 16/16
 14709 | D:11     | Noticed a tengu reaver
 14709 | D:11     | Noticed a stone giant
 14709 | D:11     | Noticed a tengu warrior
 14709 | D:11     | Noticed a centaur warrior
 14780 | D:10     | Killed a stone giant
 14812 | D:11     | Killed a tengu reaver
 14812 | D:11     | Reached skill level 5 in Armour
 14959 | D:11     | Killed a centaur warrior
 14959 | D:11     | Reached skill level 5 in Shields
 15078 | D:11     | Killed a tengu warrior
 16384 | D:12     | Found Emed's Jewellery Emporium.
 16396 | D:12     | Noticed a tengu warrior
 16423 | D:12     | Killed a tengu warrior
 16423 | D:12     | Reached skill level 1 in Dodging
 16721 | D:12     | Noticed Erolcha
 16764 | D:12     | Killed Erolcha
 16987 | D:12     | Noticed a catoblepas
 16995 | D:12     | Killed a catoblepas
 17336 | D:13     | Noticed a centaur warrior
 17349 | D:13     | Killed a centaur warrior
 17355 | D:13     | Gained mutation: You are in touch with the powers of death.
                  | [Mummy growth]
 17355 | D:13     | Reached XP level 13. HP: 67/91 MP: 17/17
 18142 | D:13     | Reached skill level 5 in Dodging
 18993 | D:14     | Found Ytynu's Weapon Shop.
 19013 | D:14     | Bought a +7 morningstar of protection for 710 gold pieces
 19086 | D:15     | Entered Level 15 of the Dungeon
 19584 | D:15     | Found a staircase to the Depths.
 19584 | D:15     | Noticed a frost giant
 19590 | D:15     | Killed a frost giant
 19998 | Lair:1   | Entered Level 1 of the Lair of Beasts
 20079 | Lair:1   | Got an ancient leather armour
 21156 | Lair:2   | Reached XP level 14. HP: 108/108 MP: 18/18
 21226 | Lair:2   | Found a staircase to the Snake Pit.
 21902 | Lair:3   | Got a slimy mace
 22210 | Lair:3   | Reached skill level 10 in Fighting
 22768 | Lair:4   | Noticed Nessos
 22790 | Lair:4   | Killed Nessos
 22810 | Lair:4   | Reached skill level 15 in Maces & Flails
 23232 | Lair:4   | Found a staircase to the Shoals.
 24091 | Lair:6   | Entered Level 6 of the Lair of Beasts
 24569 | Lair:6   | Identified the +3 mace "Xuogi" {crush, rN+ Dex+3} (You
                  | found it on level 3 of the Lair of Beasts)
 24571 | Lair:6   | Found a staircase to the Slime Pits.
 25029 | Lair:6   | Reached XP level 15. HP: 97/115 MP: 19/19
 25650 | Orc:1    | Entered Level 1 of the Orcish Mines
 25769 | Orc:2    | Entered Level 2 of the Orcish Mines
 26050 | Orc:1    | Reached skill level 16 in Maces & Flails
 26277 | Orc:1    | Reached skill level 10 in Shields
 26447 | Orc:2    | Noticed an orc warlord
 26551 | Orc:1    | Killed an orc warlord
 26750 | Orc:2    | Found a staircase to the Elven Halls.
 26785 | Orc:2    | Found Xyxizimupp's Distillery.
 27223 | Orc:2    | Found a roughly hewn altar of Beogh.
 27233 | Orc:2    | Found Bac Wihiu's Antique Weapon Shop.
 27324 | Orc:2    | Noticed Josephine
 27331 | Orc:2    | Killed Josephine
 27415 | Orc:2    | Found Haosiyps's Jewellery Shop.
 27430 | Orc:2    | Found Yghaumeem's Antique Armour Shop.
 27446 | Orc:2    | Found Jufohusm's General Store.
 27508 | Elf:1    | Entered Level 1 of the Elven Halls
 28159 | Elf:1    | Found Cydich's Book Boutique.
 28200 | Elf:1    | Found Buymanwu's Antique Armour Boutique.
 28509 | Elf:1    | Noticed a deep elf sorcerer
 28517 | Elf:1    | Killed a deep elf sorcerer
 28865 | Elf:1    | Reached XP level 16. HP: 111/123 MP: 19/22
 28903 | Elf:1    | Noticed Azrael
 29088 | D:12     | Bought a pitted helmet for 323 gold pieces
 29098 | D:12     | Identified the +0 helmet "Jyfoh" {MR+ Regen+} (You bought
                  | it in a shop on level 12 of the Dungeon)
 29104 | D:12     | Bought a scroll of blinking for 232 gold pieces
 29106 | D:12     | Bought a pair of embroidered gloves for 277 gold pieces
 29376 | Elf:1    | Found Jugganeo's Magic Scroll Shoppe.
 29403 | Elf:1    | Found Nuos's Book Shoppe.
 29931 | Elf:1    | Killed Azrael
 30012 | Elf:1    | Found Plog's Antique Armour Emporium.
 30019 | Elf:1    | Bought a pair of heavily runed boots for 313 gold pieces
 30029 | Elf:1    | Identified the -4 pair of boots "Widucoet" {MR++ Regen+
                  | Stlth+} (You bought it in a shop on level 1 of the Elven
                  | Halls)
 30286 | Elf:1    | Found Nuos's Book Shoppe.
 30286 | Elf:1    | Found Jugganeo's Magic Scroll Shoppe.
 30347 | Elf:1    | Found Cydich's Book Boutique.
 30349 | Elf:1    | Found Buymanwu's Antique Armour Boutique.
 30583 | Elf:1    | Found Plog's Antique Armour Emporium.
 30765 | Elf:2    | Found Hoejaepo's Food Boutique.
 31015 | Elf:2    | Found a huge runed gate.
 31015 | Elf:2    | Found a huge runed gate.
 31015 | Elf:2    | Found a huge runed gate.
 31015 | Elf:2    | Found a huge runed gate.
 31015 | Elf:2    | Found a huge runed gate.
 31171 | Elf:2    | Reached skill level 10 in Evocations
 33331 | Elf:3    | Entered Level 3 of the Elven Halls
 33514 | Elf:3    | Reached XP level 17. HP: 129/131 MP: 21/24
 33529 | Elf:3    | Noticed a Brimstone Fiend
 33752 | Elf:3    | Found Gesachel's Food Shoppe.
 34134 | Elf:3    | Got a brightly glowing flail
 34136 | Elf:3    | Found the +7 captain's cutlass {speed, disarm}
 34141 | Elf:3    | Identified the +5 flail of Defiance {flame, Str+6 SInv}
                  | (You found it on level 3 of the Elven Halls)
 34473 | Elf:3    | Noticed a Brimstone Fiend
 34555 | Elf:3    | Got a bloodstained leather armour
 34584 | Elf:3    | Got an ancient battleaxe {speed}
 34605 | Elf:3    | Noticed a deep elf blademaster
 34631 | Elf:3    | Killed a deep elf blademaster
 34653 | Elf:3    | Noticed a Tzitzimitl
 34653 | Elf:3    | Killed a ghostly deep elf blademaster
 34653 | Elf:3    | Reached skill level 10 in Armour
 34852 | Elf:3    | Noticed a Brimstone Fiend
 34873 | Elf:3    | Got a bound ivory ring
 35003 | Elf:3    | Noticed a deep elf master archer
 35030 | Elf:3    | Killed a deep elf master archer
 35039 | Elf:3    | Identified the ring of the Two Names {rCorr +Inv rN+} (You
                  | took it off a deep elf blademaster on level 3 of the Elven
                  | Halls)
 35090 | Elf:3    | Noticed a deep elf blademaster
 35101 | Elf:3    | Killed a deep elf blademaster
 35109 | Elf:3    | Identified Kothry's Guide on Mutagenic Arcane Weapons
 35114 | Elf:3    | Identified Diaviv's Tome of the Damaging Mountains
 35120 | Elf:3    | Got a smoking hunting sling
 35124 | Elf:3    | Identified the Volume of the Poisonous Snowflakes
 35218 | Elf:3    | Noticed a deep elf master archer
 35229 | Elf:3    | Killed a deep elf master archer
 35379 | Elf:3    | Identified Yckipof's Collected Works on the Birds and
                  | Displacement
 35874 | D:14     | Found a gate to the Vaults.
 36075 | Snake:1  | Entered Level 1 of the Snake Pit
 36295 | Snake:1  | Found Lass's Book Shop.
 36324 | Snake:1  | Reached skill level 10 in Dodging
 36713 | Snake:1  | Identified a scroll of acquirement
 37650 | Snake:2  | Found Lanuo's General Store.
 37673 | Snake:2  | Bought a scroll of identify for 20 gold pieces
 37739 | Snake:2  | Reached XP level 18. HP: 112/138 MP: 18/25
 38418 | Snake:3  | Found Ricazul's Distillery.
 38986 | Snake:4  | Entered Level 4 of the Snake Pit
 39031 | Snake:4  | Noticed Vashnia
 39068 | Snake:4  | Killed Vashnia
 39293 | Snake:4  | Noticed Nikola
 39357 | Snake:4  | Killed Nikola
 39452 | Snake:4  | Noticed Saint Roka
 39603 | Snake:3  | Killed Saint Roka
 40109 | Snake:4  | Got a serpentine rune of Zot
 41122 | Shoals:1 | Entered Level 1 of the Shoals
 41238 | Shoals:1 | Noticed Kirke
 41252 | Shoals:1 | Killed Kirke
 41418 | Shoals:1 | Reached XP level 19. HP: 152/152 MP: 26/26
 41464 | Shoals:1 | Found Buecitya's Food Boutique.
 42653 | Shoals:2 | HP: 4/152 [faun/uncursed quarterstaff[a satyr] (14)]
 42653 | Shoals:2 | Slain by a faun

Vault maps used:
D:1:      evilmike_arrival_crescent
D:2:      nicolae_overflow_crystal_walls, chequers_ecumenical_altar_simple_redux
D:3:      lightli_sewer_entry_pipes
D:4:      minmay_diamond_boxcup, makhleb_grotto_becter, uniq_sigmund,
          uniq_grinder, uniq_pikel
D:5:      first_ration, uniq_blork_the_orc
D:6:      vehumet_statue, nicolae_gozag_seed_capital
D:7:      tso_oasis_becter, overflow_temple_1_default,
          minmay_temple_entry_butterflies
D:8:      lemuel_round_altar, serial_shops, kennysheep_little_box, uniq_harold,
          uniq_maurice, uniq_erica
D:9:      minmay_opposing_rooms, hiddenorc2_lemuel
D:10:     minmay_blocky_corners
D:11:     minmay_lair_entry_grove, blue_anna_alchemist, wad_scary_box
D:12:     serial_shops, nicolae_shop_behind_doors, minmay_three_doors,
          uniq_erolcha
D:13:     minmay_fountain_box
D:14:     grunt_vaults_entry_fortified, serial_shops, shop
D:15:     grunt_enter_depths_snipers, hangedman_glass_teeth
Lair:2:   guppyfry_snake_entry_garden, hibernation_bobbens, grunt_megastairs_1
Lair:3:   grunt_megastairs_3, infiniplex_staircase_pool
Lair:4:   minmay_shoals_entry_lonely_mermaid, patterned_corridor, uniq_nessos
Lair:5:   grunt_megastairs_4
Lair:6:   minmay_lair_end_frog_pond, slime_dummy, ice2_lemuel, lemuel_fruit_tree
Shoals:1: serial_shops, nicolae_shop_crystal, uniq_kirke
Shoals:2: serial_shops, nicolae_shop_behind_doors
Snake:1:  serial_shops, nicolae_shop_stone
Snake:2:  serial_shops, shop
Snake:3:  serial_shops, nicolae_shop_trees
Snake:4:  minmay_snake_end_coiled, uniq_saint_roka, uniq_nikola, uniq_vashnia
Orc:2:    grunt_orc_cross, serial_shops, shop, uniq_josephine
Elf:1:    eino_elf_arrival_sip, serial_shops, shop_scrolls, shop,
          nicolae_shop_behind_doors, shop, nicolae_shop_statue_plus,
          orc_legates, spider_trap, minmay_misc_feat_ornament, uniq_azrael
Elf:2:    serial_shops, shop
Elf:3:    elf_hall_gauntlet_narrow, serial_shops, nicolae_shop_crystal,
          minmay_checkered_concentric_circles
Sewer:    sewer_co_cracked_pipes

Skill      XL: |  1  2  3  4  5  6  7  8  9 10 11 12 13 14 15 16 17 18 19 |
---------------+----------------------------------------------------------+-----
Maces & Flails | 2 3 4 5 6 8 10 12 13 14 15 16 | 16.0
Shields        | 4 7 9 11 12 | 12.3
Evocations     | 5 6 8 10 | 10.0
Fighting       | 5 9 10 11 14 | 14.0
Armour         | 3 6 9 11 | 11.0
Dodging        | 4 6 7 10 12 13 | 13.0

Action                   |  1- 3 |  4- 6 |  7- 9 | 10-12 | 13-15 | 16-18 | 19-21 || total
-------------------------+-------+-------+-------+-------+-------+-------+-------++-------
Melee: Flail             |   105 |   176 |   409 |   877 |   285 |       |       ||  1852
       Morningstar       |       |       |       |       |  1192 |   814 |       ||  2006
       Eveningstar       |       |       |       |       |       |   860 |   273 ||  1133
Throw: Javelin           |       |       |     8 |       |       |       |       ||     8
Invok: Call Merchant     |       |       |       |     1 |       |     3 |       ||     4
       Potion Petition   |       |       |       |     1 |     1 |     3 |       ||     5
 Abil: Evoke Invisibilit |       |       |       |     1 |       |       |       ||     1
Evoke: Wand              |       |       |     6 |     3 |    42 |       |       ||    51
  Use: Scroll            |     2 |     2 |     7 |     7 |     5 |    11 |       ||    34
 Stab: Distracted        |       |       |     3 |     5 |     9 |     8 |     1 ||    26
Armor: Scale mail        |    33 |       |    19 |    84 |       |       |       ||   136
       Chain mail        |    22 |    97 |    28 |       |       |       |       ||   147
       Plate armour      |       |       |   128 |   343 |   688 |   439 |    95 ||  1693
Dodge: Dodged            |    25 |    39 |    58 |   146 |   404 |   456 |   110 ||  1238
Block: Shield            |    49 |    90 |   161 |   386 |   876 |   716 |       ||  2278
       Large shield      |       |       |       |       |       |   159 |   408 ||   567

Table legend:
 A = Non-vault XP
 B = Vault XP
 C = Vault XP percentage of total XP
 D = Non-vault monster count
 E = Vault monster count
 F = Vault count percentage of total count
                 A         B        C        D         E       F
            +---------+---------+-------+---------+---------+-------
      Total |  228019 |  171171 |  42.9 |     772 |     386 |  33.3
            +---------+---------+-------+---------+---------+-------
        D:1 |      18 |       0 |   0.0 |      12 |       0 |   0.0
        D:2 |      33 |       0 |   0.0 |      16 |       0 |   0.0
        D:3 |     154 |      90 |  36.9 |      22 |      10 |  31.2
        D:4 |     253 |    1396 |  84.7 |      13 |       9 |  40.9
        D:5 |     524 |      99 |  15.9 |      17 |       1 |   5.6
        D:6 |     820 |       0 |   0.0 |      21 |       0 |   0.0
        D:7 |    1088 |       0 |   0.0 |      24 |       0 |   0.0
        D:8 |    1197 |    2003 |  62.6 |      28 |       3 |   9.7
        D:9 |     784 |    2438 |  75.7 |      23 |      42 |  64.6
       D:10 |    4860 |    3231 |  39.9 |      30 |       9 |  23.1
       D:11 |    4731 |    5870 |  55.4 |      29 |      16 |  35.6
       D:12 |    6762 |    2214 |  24.7 |      37 |       4 |   9.8
       D:13 |    6317 |       0 |   0.0 |      26 |       0 |   0.0
       D:14 |    4593 |    6450 |  58.4 |      22 |      10 |  31.2
       D:15 |    6438 |    3183 |  33.1 |      13 |       3 |  18.8
     Lair:1 |    1474 |       0 |   0.0 |       9 |       0 |   0.0
     Lair:2 |    4049 |    1931 |  32.3 |      16 |       8 |  33.3
     Lair:3 |    5658 |     594 |   9.5 |      25 |       2 |   7.4
     Lair:4 |    4331 |    1886 |  30.3 |      22 |       2 |   8.3
     Lair:5 |    3585 |    3453 |  49.1 |      20 |      10 |  33.3
     Lair:6 |    9945 |   10187 |  50.6 |      24 |      45 |  65.2
   Shoals:1 |   18180 |    2481 |  12.0 |      31 |       3 |   8.8
   Shoals:2 |   11621 |       0 |   0.0 |      25 |       0 |   0.0
    Snake:1 |   13243 |       0 |   0.0 |      29 |       0 |   0.0
    Snake:2 |   15665 |       0 |   0.0 |      24 |       0 |   0.0
    Snake:3 |   12508 |    5601 |  30.9 |      22 |       3 |  12.0
    Snake:4 |   20267 |   34225 |  62.8 |      37 |      54 |  59.3
      Orc:1 |    7094 |    4591 |  39.3 |      41 |      14 |  25.5
      Orc:2 |    4625 |    4841 |  51.1 |      18 |      27 |  60.0
      Elf:1 |   30472 |   16393 |  35.0 |      50 |      39 |  43.8
      Elf:2 |   12197 |   24014 |  66.3 |      23 |      30 |  56.6
      Elf:3 |   14533 |   33944 |  70.0 |      23 |      25 |  52.1
      Sewer |       0 |      56 | 100.0 |       0 |      17 | 100.0
            +---------+---------+-------+---------+---------+-------
